AoeStats
← Cronida

Black Forest

506531436Analyzed
1v1 RM · 18d ago on Sep 13, 2026· 49m 2s· 2 players
Game mode
Random Map
Map size
Tiny (2 player)
Population
200
Speed
Normal
Resources
Standard
Victory
Conquest
Starting age
Dark Age
Ending age
Imperial Age
RankedLock teamsTeams togetherTeam positionsShared explorationLock speedFull tech treeHidden civsTurbo modeCheats
Victory
Defeat
🇲🇽 Teutons · Mexico
881
+15
🇦🇷 Cumans · Argentina
861
-41
Cronida
0:42 Loom
13:07 Feudal Age
13:52 Double-Bit Axe
16:22 Horse Collar
22:14 Padded Archer Armor
24:03 Wheelbarrow
29:01 Castle Age
28:10 Fletching
30:12 Bow Saw
30:05 Heavy Plow
30:23 Hand Cart
29:51 Elite Skirmisher
30:46 Bodkin Arrow
32:18 Steppe Husbandry
33:55 Leather Archer Armor
33:52 Stone Mining
33:53 Gold Mining
38:35 Imperial Age
36:32 Murder Holes
36:59 Ballistics
38:25 Scale Barding Armor
38:39 Bloodlines
38:47 Thumb Ring
39:39 Conscription
41:18 Ring Archer Armor
41:09 Chain Barding Armor
elliottcorpus
3:08 Loom
3:37 Loom
13:57 Feudal Age
18:33 Castle Age
17:00 Horse Collar
17:09 Double-Bit Axe
17:48 Gold Mining
22:23 Bow Saw
23:18 Stone Mining
27:13 Heavy Plow
32:57 Wheelbarrow
32:08 Town Watch
36:01 Imperial Age
34:17 Fletching
34:48 Hand Cart
35:30 Town Patrol
35:59 Forging
35:50 Scale Mail Armor
37:00 Stone Shaft Mining
36:30 Bodkin Arrow
38:15 Two-Man Saw
37:49 Crop Rotation
37:10 Onager
38:29 Conscription
39:06 Iron Casting
38:46 Chain Mail Armor
41:41 Blast Furnace
41:12 Plate Mail Armor
41:50 Elite Teutonic Knight
42:54 Ironclad
45:57 Cavalier
46:48 Bloodlines
47:33 Paladin
48:27 Scale Barding Armor
Connection lost

Rejoining the realm…

Still unreachable

The connection could not be restored.

Session expired

The server has moved on; the page needs a fresh start.